 Dungeon Crawl Stone Soup version 0.21-a0-352-g5b8f553 (webtiles) character file.

275 torrenera the Charmwright (level 6, -3/50 HPs)
             Began as a Gnoll Skald on Oct 10, 2017.
             Slain by a scorpion (8 damage)
             ... on level 4 of the Dungeon.
             The game lasted 00:06:52 (3711 turns).

torrenera the Charmwright (Gnoll Skald)             Turns: 3711, Time: 00:06:53

Health: -3/50      AC:  7    Str: 18    XL:     6   Next: 24%
Magic:  13/13      EV: 12    Int: 17    God:
Gold:   152        SH:  6    Dex: 15    Spells: 10/15 levels left

rFire    . . .     SeeInvis .   a - +0 falchion
rCold    + . .     Gourm    .   b - +2 buckler
rNeg     . . .     Faith    .   q - +0 scale mail {rC+}
rPois    .         Spirit   .   e - +0 helmet (curse)
rElec    .         Reflect  .   (no cloak)
rCorr    .         Harm     .   (no gloves)
MR       .....                  (no boots)
Stlth    +.........             (no amulet)
HPRegen  0.16/turn              (no ring)
MPRegen  0.13/turn              (no ring)

@: mighty, lethally poisoned (-3 -> -9)
A: distributed training, fangs 1, strong nose
a: no special abilities


You were on level 4 of the Dungeon.
You were not hungry.

You visited 1 branch of the dungeon, and saw 4 of its levels.

You collected 152 gold pieces.

Inventory:

Hand Weapons
 a - a +0 falchion (weapon)
Missiles
 t - 23 poisoned needles
Armour
 b - a +2 buckler (worn)
 e - a cursed +0 helmet (worn)
 g - a +0 shield
 q - a +0 scale mail of cold resistance (worn)
Jewellery
 v - an uncursed ring of protection from cold {unknown}
Scrolls
 f - 2 scrolls of teleportation {unknown}
 i - 4 scrolls of identify {unknown}
 k - 2 scrolls of enchant weapon {unknown}
 m - 2 scrolls of magic mapping {unknown}
 o - 2 scrolls of enchant armour {unknown}
 p - 2 scrolls of fear {unknown}
 r - a scroll of random uselessness {unknown}
 u - a scroll of remove curse {unknown}
Potions
 j - a potion of brilliance {unknown}
 n - a potion of agility
 s - a potion of lignification {unknown}
Books
 c - a book of Battle

   Spells                             Type                      Level
   a - Infusion                       Charms                       1
   b - Shroud of Golubria             Charms/Translocation         2
   c - Song of Slaying                Charms                       2
   d - Spectral Weapon                Hexes/Charms                 3
   e - Regeneration                   Charms/Necromancy            3
Comestibles
 d - 3 bread rations
 l - 2 chunks of flesh
 w - a fruit


   Skills:
 + Level 4.9 Fighting
 + Level 1.8 Short Blades
 + Level 4.9 Long Blades
 + Level 1.8 Axes
 + Level 1.8 Maces & Flails
 + Level 1.8 Polearms
 + Level 1.8 Staves
 + Level 1.8 Slings
 + Level 1.8 Bows
 + Level 1.8 Crossbows
 + Level 1.8 Throwing
 + Level 3.1 Armour
 + Level 4.9 Dodging
 + Level 1.8 Stealth
 + Level 1.8 Shields
 + Level 1.8 Unarmed Combat
 + Level 5.3 Spellcasting
 + Level 1.8 Conjurations
 + Level 1.8 Hexes
 + Level 6.8 Charms
 + Level 1.8 Summonings
 + Level 1.8 Necromancy
 + Level 1.8 Translocations
 + Level 1.8 Transmutations
 + Level 1.8 Fire Magic
 + Level 1.8 Ice Magic
 + Level 1.8 Air Magic
 + Level 1.8 Earth Magic
 + Level 1.8 Poison Magic
 + Level 1.8 Invocations
 + Level 1.8 Evocations


You had 10 spell levels left.
You knew the following spells:

 Your Spells              Type           Power        Failure   Level  Hunger
a - Infusion              Chrm           ####         3%          1    None
b - Song of Slaying       Chrm           ####....     4%          2    #......
c - Shroud of Golubria    Chrm/Tloc      ###.......   14%         2    #......


Dungeon Overview and Level Annotations

Branches:
Dungeon (4/15)
 Temple: D:4-7

Altars:


Innate Abilities, Weirdness & Mutations

Your experience applies equally to all skills.
You have very sharp teeth.
Your uncanny sense of smell can sniff out nearby items.


Message History

The scorpion is almost dead.
* * * LOW HITPOINT WARNING * * *
You feel sick. The scorpion barely misses you.
You hit the scorpion but do no damage.
The scorpion is almost dead.
* * * LOW HITPOINT WARNING * * *
You feel sick. You block the scorpion's attack.
You hit the scorpion but do no damage.
The scorpion is almost dead.
* * * LOW HITPOINT WARNING * * *
You feel sick. The scorpion barely misses you.
You barely miss the scorpion.
The scorpion is almost dead.
* * * LOW HITPOINT WARNING * * *
You feel sick. You block the scorpion's attack.
It was a potion of might.
You feel very mighty all of a sudden.
* * * LOW HITPOINT WARNING * * *
You feel sick. The scorpion stings you!
You die...

.#..## ....########
#...##.....# ...##.....# ∆
##..##.....# #...##.....#
#...##.....# ..#...##.....#
..#..s@.....## #.#..####...#
.. #.#..###<...######## #.
#.#..#.............# #.
#.#.....)#.#######.# #.
#....#..........##.# #.#
###.#.#..#.#........#
#.######........#.+........#
#......#.##.....###........#


You could see a scorpion.

Vanquished Creatures
  A crimson imp (D:3)
  An orc priest (D:3)
  2 orc wizards
  Jessica (D:3)
  5 adders
  2 oozes
  2 worms (D:2)
  3 dart slugs
  8 orcs
  5 bats
  2 giant cockroaches
  2 goblins
  5 hobgoblins
  5 quokkas
  2 ball pythons (D:1)
  6 frilled lizards
  3 kobolds
  A leopard gecko skeleton (D:4)
  7 rats
63 creatures vanquished.

Notes
Turn   | Place    | Note
-------+----------+-------------------------------------------
     0 | D:1      | torrenera the Gnoll Skald began the quest for the Orb.
     0 | D:1      | Reached XP level 1. HP: 20/20 MP: 6/6
   308 | D:1      | Reached XP level 2. HP: 24/26 MP: 7/7
   777 | D:2      | Learned a level 2 spell: Song of Slaying
   780 | D:2      | Learned a level 2 spell: Shroud of Golubria
   856 | D:2      | HP: 1/26 [worm (7)]
  1184 | D:2      | Reached skill level 5 in Spellcasting
  1184 | D:2      | Reached XP level 3. HP: 21/31 MP: 5/9
  1979 | D:3      | Noticed Jessica
  2006 | D:3      | Killed Jessica
  2006 | D:3      | Reached skill level 1 in Short Blades
  2006 | D:3      | Reached skill level 1 in Axes
  2006 | D:3      | Reached skill level 1 in Maces & Flails
  2006 | D:3      | Reached skill level 1 in Polearms
  2006 | D:3      | Reached skill level 1 in Staves
  2006 | D:3      | Reached skill level 1 in Slings
  2006 | D:3      | Reached skill level 1 in Bows
  2006 | D:3      | Reached skill level 1 in Crossbows
  2006 | D:3      | Reached skill level 1 in Throwing
  2006 | D:3      | Reached skill level 1 in Stealth
  2006 | D:3      | Reached skill level 1 in Shields
  2006 | D:3      | Reached skill level 1 in Unarmed Combat
  2006 | D:3      | Reached skill level 1 in Conjurations
  2006 | D:3      | Reached skill level 1 in Hexes
  2006 | D:3      | Reached skill level 1 in Summonings
  2006 | D:3      | Reached skill level 1 in Necromancy
  2006 | D:3      | Reached skill level 1 in Translocations
  2006 | D:3      | Reached skill level 1 in Transmutations
  2006 | D:3      | Reached skill level 1 in Fire Magic
  2006 | D:3      | Reached skill level 1 in Ice Magic
  2006 | D:3      | Reached skill level 1 in Air Magic
  2006 | D:3      | Reached skill level 1 in Earth Magic
  2006 | D:3      | Reached skill level 1 in Poison Magic
  2006 | D:3      | Reached skill level 1 in Invocations
  2006 | D:3      | Reached skill level 1 in Evocations
  2006 | D:3      | Reached XP level 4. HP: 16/38 MP: 11/11
  2731 | D:3      | Reached XP level 5. HP: 43/43 MP: 12/12
  2988 | D:3      | Reached XP level 6. HP: 22/50 MP: 13/13
  3711 | D:4      | Slain by a scorpion

Vault maps used:
D:1:      nagdon_arrival_zigzag_paths, corexii_item_surrounded_by_moat
D:3:      first_bread, uniq_jessica
D:4:      overflow_temple_1_default, portal_sewer_entry_b, minmay_rat_hole

Skill      XL: |  1  2  3  4  5 |
---------------+----------------+-----
Spellcasting   | 5 |  5.3
Short Blades   | 1 |  1.8
Axes           | 1 |  1.8
Maces & Flails | 1 |  1.8
Polearms       | 1 |  1.8
Staves         | 1 |  1.8
Slings         | 1 |  1.8
Bows           | 1 |  1.8
Crossbows      | 1 |  1.8
Throwing       | 1 |  1.8
Stealth        | 1 |  1.8
Shields        | 1 |  1.8
Unarmed Combat | 1 |  1.8
Conjurations   | 1 |  1.8
Hexes          | 1 |  1.8
Summonings     | 1 |  1.8
Necromancy     | 1 |  1.8
Translocations | 1 |  1.8
Transmutations | 1 |  1.8
Fire Magic     | 1 |  1.8
Ice Magic      | 1 |  1.8
Air Magic      | 1 |  1.8
Earth Magic    | 1 |  1.8
Poison Magic   | 1 |  1.8
Invocations    | 1 |  1.8
Evocations     | 1 |  1.8
Armour         | 3 |  3.1
Fighting       | |  4.9
Long Blades    | |  4.9
Dodging        | |  4.9
Charms         | |  6.8

Action                   |  1- 3 |  4- 6 || total
-------------------------+-------+-------++-------
Melee: Falchion          |    92 |   172 ||   264
       Bite              |     1 |    20 ||    21
 Cast: Song of Slaying   |     2 |       ||     2
  Use: Potion            |       |     4 ||     4
 Stab: Sleeping          |     2 |       ||     2
  Eat: Chunk             |     1 |     6 ||     7
       Royal jelly       |     1 |       ||     1
Armor: Leather armour    |    10 |       ||    10
       Scale mail        |    19 |    58 ||    77
Dodge: Dodged            |    49 |    96 ||   145
Block: Buckler           |     7 |    46 ||    53
       Rpst.: Falchion   |    19 |    31 ||    50

Table legend:
 A = Spawn XP
 B = Non-spawn XP
 C = Spawn XP percentage of total XP
 D = Spawn monster count
 E = Non-spawn monster count
 F = Spawn count percentage of total count
 G = Total turns spent on level
                    A         B        C        D         E        F      G
               +---------+---------+-------+---------+---------+-------+---------
         Total |       0 |     393 |   0.0 |       0 |      63 |   0.0 |  3711
               +---------+---------+-------+---------+---------+-------+---------
           D:1 |       0 |      16 |   0.0 |       0 |       9 |   0.0 |  1021
           D:2 |       0 |      61 |   0.0 |       0 |      16 |   0.0 |  1253
           D:3 |       0 |     251 |   0.0 |       0 |      32 |   0.0 |  1070
           D:4 |       0 |      65 |   0.0 |       0 |       6 |   0.0 |   367
               +---------+---------+-------+---------+---------+-------+---------
